 Dungeon Crawl Stone Soup version 0.21.1-1-g345015f (webtiles) character file.

167 shakethe the Chopper (level 5, -6/45 HPs)
             Began as a Hill Orc Abyssal Knight on Feb 5, 2018.
             Was a Follower of Lugonu.
             Mangled by an ogre
             ... wielding a +0 giant club
              (14 damage)
             ... on level 3 of the Dungeon.
             The game lasted 00:04:41 (2673 turns).

shakethe the Chopper (Hill Orc Abyssal Knight)      Turns: 2673, Time: 00:04:41

Health: -6/45      AC:  6    Str: 16    XL:     5   Next: 48%
Magic:  8/8        EV: 10    Int: 12    God:    Lugonu [*.....]
Gold:   135        SH:  0    Dex: 10    Spells: 4/4 levels left

rFire    . . .     SeeInvis .   a - +1 hand axe
rCold    + . .     Gourm    .   (no shield)
rNeg     . . .     Faith    .   i - +0 ring mail
rPois    .         Spirit   .   (no helmet)
rElec    .         Reflect  .   (no cloak)
rCorr    .         Harm     .   (no gloves)
MR       .....                  m - +0 pair of boots
Stlth    ..........             (no amulet)
HPRegen  0.15/turn              h - ring of protection from cold
MPRegen  0.11/turn              (no ring)

@: no status effects
A: no striking features
a: Depart the Abyss, Renounce Religion


You were on level 3 of the Dungeon.
You worshipped Lugonu.
Lugonu was aware of your devotion.
You were not hungry.

You visited 1 branch of the dungeon, and saw 3 of its levels.
You visited the Abyss 1 time.

You collected 135 gold pieces.

Inventory:

Hand Weapons
 a - a +1 hand axe (weapon)
Armour
 b - a +0 leather armour
 i - a +0 ring mail (worn)
 m - a +0 pair of boots (worn)
Jewellery
 h - a ring of protection from cold (left hand)
Scrolls
 f - 2 scrolls of blinking {unknown}
 g - a scroll of identify {unknown}
 j - a scroll of teleportation {unknown}
 l - 2 scrolls of enchant armour {unknown}
 n - a scroll of enchant weapon {unknown}
Potions
 d - a potion of might {unknown}
 e - a potion of cancellation {unknown}
 k - a potion of curing {unknown}
Comestibles
 c - a ration
 o - a chunk of flesh


   Skills:
 - Level 3.6 Fighting
 * Level 6.2 Axes
 - Level 2.1 Armour
 - Level 0.7 Dodging
 + Level 4.4 Invocations


You had 4 spell levels left.
You didn't know any spells.

Dungeon Overview and Level Annotations

Branches:
Dungeon (3/15)

Altars:
Trog


Message History

You slash the orc!
You kill the orc!
Lugonu accepts your kill.
You slash the ogre!
The ogre is moderately wounded.
The ogre closely misses you.
You completely miss the ogre.
The ogre is moderately wounded.
You hit the ogre but do no damage.
The ogre is moderately wounded.
The ogre hits you with a giant club!!
Ouch! That really hurt!
* * * LOW HITPOINT WARNING * * *
The ogre barely misses you.
You climb downwards.
The orc closely misses you. The orc hits you with a hand axe.
* * * LOW HITPOINT WARNING * * *
There is a stone staircase leading up, spattered with blood here.
The ogre hits you with a giant club!
You die...

########### #.
#..@O..w..#######...
#.#o.........#.$?...
#.#........#o.....#
.............†.......
##.#.......#.##.####.
#.#.......#.##.#
#.#............#
#.#.###...#.##.#
#.#.# ##.#...#.#


You could see an ogre, a worm and an orc.

Vanquished Creatures
  Natasha (thrice) (D:2)
  4 adders
  A dart slug (D:1)
  A leopard gecko (D:3)
  2 orcs
  2 ball pythons (D:1)
  2 giant cockroaches
  6 goblins
  5 hobgoblins
  2 jackals (D:1)
  10 kobolds
  9 bats
  4 frilled lizards
  3 rats
54 creatures vanquished.

Notes
Turn   | Place    | Note
-------+----------+-------------------------------------------
     0 | Abyss:1  | shakethe the Hill Orc Abyssal Knight began the quest for the Orb.
     0 | Abyss:1  | Reached XP level 1. HP: 19/19 MP: 2/2
     0 | D:1      | Escaped the Abyss
    95 | D:1      | Reached skill level 3 in Axes
   256 | D:1      | Reached XP level 2. HP: 21/26 MP: 4/4
   575 | D:1      | Reached * piety under Lugonu
   597 | D:1      | Reached skill level 4 in Axes
   604 | D:1      | Reached XP level 3. HP: 26/31 MP: 5/5
  1156 | D:2      | Noticed Natasha
  1163 | D:2      | Killed Natasha
  1163 | D:2      | Reached XP level 4. HP: 8/39 MP: 6/6
  1265 | D:2      | Noticed Natasha
  1409 | D:2      | Killed Natasha
  1409 | D:2      | Reached skill level 5 in Axes
  1861 | D:2      | Noticed Natasha
  1882 | D:2      | Killed Natasha
  1882 | D:2      | Reached XP level 5. HP: 24/45 MP: 8/8
  2179 | D:2      | Found a bloodstained altar of Trog.
  2239 | D:2      | Reached skill level 6 in Axes
  2496 | D:3      | Noticed an ogre
  2673 | D:3      | Mangled by an ogre

Skill      XL: |  1  2  3  4  5 |
---------------+----------------+-----
Axes           | 3 4 5 6 |  6.2
Invocations    | 3 4 |  4.4
Fighting       | |  3.6
Armour         | |  2.1
Dodging        | |  0.7

Action                   |  1- 3 |  4- 6 || total
-------------------------+-------+-------++-------
Melee: Hand axe          |    66 |    96 ||   162
Invok: Depart the Abyss  |     1 |       ||     1
  Eat: Ration            |       |     1 ||     1
       Chunk             |       |     2 ||     2
Armor: Leather armour    |    17 |       ||    17
       Ring mail         |     4 |    41 ||    45
Dodge: Dodged            |    29 |    74 ||   103
